 Dungeon Crawl Stone Soup version 0.21.1-1-g345015f (webtiles) character file.

546 nicolaieve the Basher (level 7, 0/57 HPs)
             Began as a Minotaur Berserker on July 31, 2018.
             Was a Priest of Trog.
             Slain by a wight
             ... wielding a +4 halberd of freezing
              (1 damage)
             ... on level 7 of the Dungeon.
             The game lasted 00:09:46 (2643 turns).

nicolaieve the Basher (Minotaur Berserker)          Turns: 2643, Time: 00:09:49

Health: 0/57       AC: 13    Str: 21    XL:     7   Next: 6%
Magic:  6/6        EV:  8    Int:  4    God:    Trog [***...]
Gold:   101        SH:  0    Dex: 12    Spells: 6/6 levels left

rFire    . . .     SeeInvis .   t - +0 whip
rCold    . . .     Gourm    .   (no shield)
rNeg     . . .     Faith    .   n - +0 chain mail (curse)
rPois    +         Spirit   .   (helmet restricted)
rElec    .         Reflect  .   r - +0 cloak
rCorr    .         Harm     .   l - +0 pair of gloves (curse)
MR       ++...                  b - +2 pair of boots
Stlth    ..........             (no amulet)
HPRegen  1.19/turn              q - ring of poison resistance
MPRegen  0.10/turn              (no ring)

@: regenerating, heavily drained
A: retaliatory headbutt, horns 2
a: Berserk, Trog's Hand, Burn Spellbooks, Renounce Religion


You were on level 7 of the Dungeon.
You worshipped Trog.
Trog was most pleased with you.
You were not hungry.

You visited 1 branch of the dungeon, and saw 5 of its levels.

You collected 101 gold pieces.

Inventory:

Hand Weapons
 t - a +0 whip (weapon)
Armour
 b - a +2 pair of boots (worn)
 l - a cursed +0 pair of gloves (worn)
 n - a cursed +0 chain mail (worn)
 r - a +0 cloak (worn)
Jewellery
 q - a ring of poison resistance (left hand)
Wands
 a - a wand of clouds (6)
Scrolls
 e - 4 scrolls of blinking {unknown}
 g - a scroll of fog {unknown}
 i - 3 scrolls of identify {unknown}
 k - a scroll of immolation {unknown}
 m - 2 scrolls of teleportation {unknown}
 p - a scroll of magic mapping {unknown}
 s - a scroll of remove curse {unknown}
Potions
 f - 2 potions of haste {unknown}
 h - a potion of heal wounds {unknown}
 j - 2 potions of curing {unknown}
 o - a potion of flight {unknown}
Comestibles
 c - 5 rations
 d - 5 chunks of flesh


   Skills:
 - Level 3.6(2.4) Fighting
 + Level 9.7(8.4) Maces & Flails
 - Level 2.4(1.3) Armour
 - Level 2.1(1.1) Dodging


You had 6 spell levels left.
You didn't know any spells.

Dungeon Overview and Level Annotations

Branches:
Dungeon (4/15)             Temple (0/1) D:4

Altars:


Innate Abilities, Weirdness & Mutations

You reflexively headbutt those who attack you in melee.
You have a pair of horns on your head.


Message History

You hit the wight but do no damage. You headbutt the wight.
The wight is heavily damaged.
The wight hits you with a halberd of freezing.
The wight freezes you.
You hit the wight but do no damage. Your headbutt misses the wight.
The wight is heavily damaged.
You hit the wight but do no damage. You headbutt the wight!
The wight is almost destroyed.
The wight hits you with a halberd of freezing!
* * * LOW HITPOINT WARNING * * *
The wight freezes you.
* * * LOW HITPOINT WARNING * * *
Unknown command.
Your skin crawls.
You feel resistant to hostile enchantments.
You feel somewhat more hungry.
The wight hits you with a halberd of freezing.
* * * LOW HITPOINT WARNING * * *
The wight freezes you.
You die...

#...>...##..
#...........
#...........
#...........
#).....$...
#.).....#
#.......#
#.....z.#
#....@..#
#............
#............
#............
#............
#.......##...
#.......# ...
#........ ..
#.?.....#


You could see a wight.

Vanquished Creatures
  An ogre (D:4)
  A scorpion (D:4)
  A wight (D:7)
  A hound (D:3)
  3 orc priests (D:3)
  3 orc wizards (D:3)
  A centaur skeleton (D:4)
  A worker ant (D:4)
  A hound skeleton (D:7)
  2 dart slugs
  4 worms (D:2)
  2 leopard geckos
  7 orcs
  2 giant cockroaches
  9 goblins
  5 hobgoblins
  17 jackals
  7 kobolds
  2 quokkas
  4 bats
  3 frilled lizards
  9 rats
86 creatures vanquished.

Notes
Turn   | Place    | Note
-------+----------+-------------------------------------------
     0 | D:1      | nicolaieve the Minotaur Berserker began the quest for the Orb.
     0 | D:1      | Reached XP level 1. HP: 19/19 MP: 0/0
    32 | D:1      | Reached skill level 4 in Maces & Flails
   219 | D:1      | Reached XP level 2. HP: 22/26 MP: 1/1
   841 | D:2      | Reached skill level 5 in Maces & Flails
   887 | D:2      | Reached ** piety under Trog
   887 | D:2      | Reached XP level 3. HP: 29/31 MP: 2/2
  1637 | D:3      | Reached skill level 6 in Maces & Flails
  1637 | D:3      | Reached XP level 4. HP: 39/39 MP: 3/3
  1911 | D:3      | Reached XP level 5. HP: 45/45 MP: 4/4
  1914 | D:3      | Reached skill level 7 in Maces & Flails
  1920 | D:3      | Reached *** piety under Trog
  2083 | D:3      | Reached skill level 8 in Maces & Flails
  2083 | D:3      | Reached XP level 6. HP: 23/51 MP: 5/5
  2511 | D:4      | Found a staircase to the Ecumenical Temple.
  2520 | D:4      | Reached skill level 9 in Maces & Flails
  2602 | D:4      | You fall through a shaft for 3 floors!
  2634 | D:7      | Reached XP level 7. HP: 41/57 MP: 6/6
  2643 | D:7      | HP: 1/57 [wight/halberd of freezing (5)]
  2643 | D:7      | Slain by a wight

Skill      XL: |  1  2  3  4  5  6 |
---------------+-------------------+-----
Maces & Flails | 4 5 6 8 9 |  9.7
Fighting       | |  3.6
Armour         | |  2.4
Dodging        | |  2.1

Action                   |  1- 3 |  4- 6 |  7- 9 || total
-------------------------+-------+-------+-------++-------
Melee: Mace              |   102 |    35 |       ||   137
       Headbutt          |    14 |    31 |     2 ||    47
       Whip              |       |    65 |     7 ||    72
Invok: Berserk           |     1 |     2 |       ||     3
       Trog's Hand       |       |       |     1 ||     1
  Eat: Chunk             |     2 |     6 |       ||     8
Armor: Animal skin       |     8 |       |       ||     8
       Chain mail        |    44 |    52 |       ||    96
Dodge: Dodged            |    63 |    40 |     1 ||   104
